AoeStats
← feanor111

Arena

506497026Analyzed
4v4 RM · 17d ago on Sep 13, 2026· 47m 0s· 8 players
Game mode
Random Map
Map size
Large (8 player)
Population
200
Speed
Normal
Resources
Standard
Victory
Conquest
Starting age
Dark Age
Ending age
Imperial Age
RankedLock teamsTeams togetherTeam positionsShared explorationLock speedFull tech treeHidden civsTurbo modeCheats
Victory
Defeat
🇪🇸 Byzantines · Spain
1130
+14
🇹🇷 Huns · Türkiye
1113
+15
🇧🇪 Persians · Belgium
1087
+16
🇬🇧 Celts · United Kingdom
1081
+16
🇹🇷 Dravidians · Türkiye
1151
-17
🇧🇷 Franks · Brazil
1084
-15
🇺🇸 Persians · United States
1072
-15
🇨🇴 Chinese · Colombia
1043
-14
feanor111
10:06 Feudal Age
14:31 Castle Age
12:51 Double-Bit Axe
13:15 Horse Collar
18:28 Loom
19:31 Bow Saw
20:20 Wheelbarrow
20:06 Heavy Plow
26:58 Scale Barding Armor
27:07 Forging
30:27 Imperial Age
28:52 Husbandry
29:03 Bloodlines
29:17 Chain Barding Armor
29:27 Hand Cart
30:43 Iron Casting
30:31 Town Watch
31:31 Conscription
32:04 Elite War Elephant
34:17 Blast Furnace
33:52 Plate Barding Armor
35:00 Town Patrol
34:56 Gold Mining
35:40 Crop Rotation
36:15 Two-Man Saw
36:04 Light Cavalry
36:47 Squires
36:33 Gambesons
44:54 Hussar
44:55 Cavalier
44:55 Heavy Camel Rider
44:59 Man-at-Arms
44:59 Pikeman
45:25 Arson
45:43 Scale Mail Armor
45:43 Padded Archer Armor
45:33 Fletching
45:46 Caravan
46:17 Coinage
45:57 Guilds
46:12 Spies/Treason
Justaerin
0:40 Loom
11:06 Feudal Age
11:32 Arson
11:36 Double-Bit Axe
11:34 Horse Collar
11:17 Man-at-Arms
22:23 Castle Age
20:49 Scale Mail Armor
21:31 Forging
23:23 Wheelbarrow
22:26 Pikeman
23:24 Chain Mail Armor
25:50 Bow Saw
27:14 Iron Casting
28:09 Heavy Plow
29:55 Gold Mining
30:00 Stone Mining
31:17 Gold Shaft Mining
31:20 Masonry
34:14 Fortified Wall
33:55 Gambesons
35:15 Ballistics
34:51 Murder Holes
34:48 Stronghold
39:39 Imperial Age
37:13 Fletching
39:04 Bodkin Arrow
40:35 Hand Cart
39:42 Halberdier
39:45 Long Swordsman
41:01 Plate Mail Armor
42:48 Blast Furnace
42:50 Chemistry
43:23 Two-Handed Swordsman
44:10 Padded Archer Armor
44:34 Conscription
46:12 Hoardings
45:54 Furor Celtica
47:17 Arrowslits
47:39 Siege Engineers
47:08 Sappers
Dr. Wololo
11:39 Feudal Age
11:31 Loom
12:18 Double-Bit Axe
15:26 Castle Age
22:36 Horse Collar
23:59 Scale Barding Armor
30:05 Wheelbarrow
33:11 Imperial Age
30:53 Forging
30:45 Husbandry
32:32 Iron Casting
32:19 Light Cavalry
35:12 Conscription
35:15 Devotion
35:18 Gold Mining
35:36 Heavy Plow
36:01 Hand Cart
35:37 Pikeman
36:17 Squires
36:22 Scale Mail Armor
37:02 Fletching
37:28 Chain Mail Armor
36:43 Halberdier
37:09 Arson
38:50 Gold Shaft Mining
40:00 Plate Mail Armor
41:45 Crop Rotation
41:25 Bow Saw
40:54 Hussar
42:06 Chain Barding Armor
41:42 Bodkin Arrow
44:38 Plate Barding Armor
44:23 Stone Mining
45:40 Two-Man Saw
45:23 Spies/Treason
bulger97
11:14 Feudal Age
15:27 Castle Age
13:20 Double-Bit Axe
13:16 Horse Collar
17:37 Bow Saw
18:06 Heavy Plow
22:43 Gold Mining
26:47 Wheelbarrow
26:34 Forging
26:29 Scale Barding Armor
29:07 Imperial Age
28:01 Iron Casting
28:50 Bloodlines
28:42 Husbandry
29:04 Chain Barding Armor
28:47 Marauders
29:28 Hand Cart
29:02 Loom
29:03 Town Watch
29:22 Elite Tarkan
30:23 Conscription
31:18 Blast Furnace
30:53 Plate Barding Armor
32:47 Gold Shaft Mining
obi1nekinobi
11:04 Feudal Age
12:19 Wheelbarrow
15:32 Castle Age
14:33 Double-Bit Axe
14:31 Horse Collar
16:25 Bow Saw
16:18 Heavy Plow
19:04 Loom
24:41 Hand Cart
24:28 Gold Mining
27:35 Gold Shaft Mining
27:20 Forging
27:17 Scale Barding Armor
27:22 Town Watch
32:43 Imperial Age
31:06 Bloodlines
30:57 Husbandry
32:58 Iron Casting
32:43 Chain Barding Armor
32:23 Cavalier
32:24 Heavy Camel Rider
34:58 Blast Furnace
37:41 Kamandaran
38:23 Conscription
38:47 Crossbowman
39:34 Thumb Ring
39:20 Fletching
39:31 Padded Archer Armor
40:28 Plate Barding Armor
42:38 Bodkin Arrow
42:59 Leather Archer Armor
Cabo
0:31 Loom
8:40 Feudal Age
10:03 Wheelbarrow
11:02 Double-Bit Axe
11:05 Town Watch
18:49 Castle Age
22:29 Atonement
22:52 Bow Saw
Absurdo!
12:53 Feudal Age
16:28 Castle Age
14:30 Double-Bit Axe
14:49 Gold Mining
16:33 Forging
19:04 Husbandry
20:42 Bow Saw
27:45 Imperial Age
25:56 Wheelbarrow
25:07 Loom
25:08 Town Watch
26:40 Fortified Wall
27:52 Cavalier
29:12 Stone Mining
31:46 Paladin
33:31 Ballistics
33:08 Murder Holes
34:35 Chemistry
34:57 Iron Casting
34:28 Scale Barding Armor
35:26 Conscription
38:13 Blast Furnace
37:33 Chain Barding Armor
winter is coming
10:50 Feudal Age
12:20 Loom
15:37 Castle Age
15:03 Wheelbarrow
14:20 Double-Bit Axe
14:17 Horse Collar
15:07 Stone Mining
15:59 Wheelbarrow
19:12 Heavy Plow
21:07 Bow Saw
30:45 Imperial Age
28:06 Pikeman
28:40 Fletching
28:50 Padded Archer Armor
29:25 Bodkin Arrow
31:17 Ballistics
32:10 Scale Mail Armor
32:35 Forging
33:00 Gambesons
33:16 Squires
33:01 Arson
33:32 Chain Mail Armor
33:31 Thumb Ring
35:08 Iron Casting
34:51 Leather Archer Armor
34:56 Hand Cart
34:48 Halberdier
36:04 Plate Mail Armor
37:30 Blast Furnace
36:31 Bracer
37:58 Wootz Steel
Connection lost

Rejoining the realm…

Still unreachable

The connection could not be restored.

Session expired

The server has moved on; the page needs a fresh start.